 Dungeon Crawl Stone Soup version 0.26-a0-651-gb41185065b (webtiles) character file.

Game seed: 2311246960524622160

419 grandjackal the Ducker (level 6, -1/73 HPs)
             Began as a Demonspawn Gladiator on Sept 30, 2020.
             Slain by Edmund
             ... wielding a +5 dire flail of holy wrath
              (4 damage)
             ... on level 5 of the Dungeon.
             The game lasted 00:04:43 (3484 turns).

grandjackal the Ducker (Demonspawn Gladiator)       Turns: 3484, Time: 00:04:44

Health: -1/73      AC: 23    Str: 16    XL:     6   Next: 62%
Magic:  15/15      EV:  2    Int:  9    God:
Gold:   164        SH:  0    Dex: 15    Spells: 5/5 levels left

rFire    . . .     SeeInvis .   a - +0 long sword
rCold    . . .     Faith    .   (no shield)
rNeg     + + +     Spirit   .   (armour currently unavailable)
rPois    +         Reflect  .   (helmet currently unavailable)
rElec    .         Harm     .   (cloak currently unavailable)
rCorr    .         Rampage  .   (gloves currently unavailable)
MR       .....     NoTele   +   (boots currently unavailable)
Stlth    +.........             (no amulet)
HPRegen  0.22/turn              c - ring of magical power
MPRegen  0.14/turn              p - ring of positive energy

@: mighty, tree-form
A: powered by death 1
a: no special abilities


You were on level 5 of the Dungeon.
You were a tree.
You visited 1 branch of the dungeon, and saw 5 of its levels.
You also visited: Sewer.

You collected 164 gold pieces.

Inventory:

Hand Weapons
 a - a +0 long sword (weapon)
Missiles
 d - 2 throwing nets (quivered)
Armour
 b - a +0 leather armour (melded)
 i - a +0 cloak (melded)
Jewellery
 c - a ring of magical power (left branch)
 p - a ring of positive energy (right branch)
 u - the ring "Wetist" {Ice +Blink Str+3 Dex+3}
   (You found it on level 4 of the Dungeon)

   [ring of ice]

   It enhances your ice magic.
   It affects your strength (+3).
   It affects your dexterity (+3).
   It makes you vulnerable to fire.
   It protects you from cold.
   It lets you blink.
Scrolls
 e - 3 scrolls of enchant weapon {unknown}
 f - 2 scrolls of fog {unknown}
 h - a scroll of identify {unknown}
 m - a scroll of random uselessness {unknown}
 n - 4 scrolls of remove curse {unknown}
 r - a scroll of immolation {unknown}
 t - a scroll of magic mapping {unknown}
Potions
 g - a potion of lignification
 o - a potion of haste {unknown}
 q - 2 potions of berserk rage {unknown}
 s - a potion of cancellation {unknown}


   Skills:
 + Level 4.3 Fighting
 + Level 4.5 Long Blades
 - Level 1.7 Throwing
 + Level 4.5 Dodging


You had 5 spell levels left.
You didn't know any spells.
Your spell library was empty.

Dungeon Overview and Level Annotations

Branches:
Dungeon (5/15)              Sewer (visited)
 Temple: D:4-7

Altars:
Cheibriados

Annotations:
D:4 Grinder
D:5 Edmund


Innate Abilities, Weirdness & Mutations

((You have a pair of horns on your head.))
((You are partially covered in yellow scales. (AC +2)))
You regenerate a little health from kills.


Message History

The now-empty wand crumbles to dust.
You completely miss Edmund.
Edmund is heavily wounded.
Edmund hits you but does no damage.
You hit Edmund.
Edmund is severely wounded.
Edmund hits you with a +5 dire flail of holy wrath.
* * * LOW HITPOINT WARNING * * *
You convulse.
* * * LOW HITPOINT WARNING * * *
You hit Edmund but do no damage.
Edmund is severely wounded.
Edmund hits you but does no damage.
You closely miss Edmund.
Edmund is severely wounded.
Edmund hits you but does no damage.
You hit Edmund but do no damage.
Edmund is severely wounded.
Edmund hits you with a +5 dire flail of holy wrath.
You die...

## ###.. c(.
.#######@#####.
.?.....♣.......
..#######.#####
#


You could see Edmund and a centaur.

Vanquished Creatures
  Purgy (Sewer)
  2 scorpions
  A hound (D:4)
  2 iguanas (D:4)
  An orc wizard (D:3)
  2 adders (D:2)
  2 river rats (D:3)
  An ufetubus (D:5)
  2 worms (D:2)
  A dart slug (D:2)
  A leopard gecko (D:2)
  7 orcs
  9 bats
  2 giant cockroaches
  8 goblins
  8 hobgoblins
  4 jackals (D:3)
  5 kobolds
  4 ball pythons
  3 frilled lizards (D:3)
  6 rats
72 creatures vanquished.

Notes
Turn   | Place    | Note
-------+----------+-------------------------------------------
     0 | D:1      | grandjackal the Demonspawn Gladiator began the quest for
                  | the Orb.
     0 | D:1      | Reached XP level 1. HP: 16/16 MP: 1/1
   418 | D:1      | Gained mutation: You have a pair of small horns on your
                  | head. [demonic ancestry]
   418 | D:1      | Reached XP level 2. HP: 22/22 MP: 2/2
  1052 | D:2      | Gained mutation: You have a pair of horns on your head.
                  | [demonic ancestry]
  1052 | D:2      | Reached XP level 3. HP: 8/28 MP: 3/3
  1557 | D:2      | Found a snail-covered altar of Cheibriados.
  1984 | D:3      | Gained mutation: You regenerate a little health from kills.
                  | [demonic ancestry]
  1984 | D:3      | Reached XP level 4. HP: 32/34 MP: 4/4
  2104 | D:3      | Found a glowing drain.
  2127 | Sewer    | Entered a sewer
  2151 | Sewer    | Noticed Purgy
  2185 | Sewer    | Killed Purgy
  2185 | Sewer    | Reached XP level 5. HP: 30/41 MP: 5/5
  2514 | D:3      | Gained mutation: You are partially covered in yellow
                  | scales. (AC +2) [demonic ancestry]
  2514 | D:3      | Reached XP level 6. HP: 11/48 MP: 4/6
  3290 | D:4      | Got a vibrating jade ring
  3300 | D:4      | Identified the ring "Wetist" {Ice +Blink Str+3 Dex+3} (You
                  | found it on level 4 of the Dungeon)
  3418 | D:4      | Noticed Grinder
  3454 | D:5      | Entered Level 5 of the Dungeon
  3457 | D:5      | Noticed Edmund
  3474 | D:5      | HP: 1/73 [Edmund/+5 dire flail of holy wrath (6)]
  3481 | D:5      | HP: 3/73 [Edmund/+5 dire flail of holy wrath (1)]
  3484 | D:5      | Slain by Edmund

Illustrated notes

Levels and vault maps discovered:
D:1:      ebering_trefoil_3fold, layout_basic
D:2:      layout_rooms, kennysheep_slug_shrine
D:3:      layout_basic, portal_sewer_entry_b
D:4:      layout_loops_cross, lemuel_crystal_altar, uniq_sigmund, uniq_natasha,
          uniq_grinder
D:5:      layout_loops_ring, lemuel_coloured_pillars_altar,
          gammafunk_temple_overflow_statue,
          minmay_temple_entry_drinking_statues, uniq_edmund, uniq_duvessa

Skill      XL: |  1  2  3  4  5  6 |
---------------+-------------------+-----
Long Blades    | 3 4 |  4.5
Dodging        | 3 4 |  4.5
Fighting       | 3 4 |  4.3
Throwing       | |  1.7

Action                   |  1- 3 |  4- 6 || total
-------------------------+-------+-------++-------
Melee: Long sword        |   111 |   114 ||   225
       Headbutt          |    18 |    31 ||    49
Throw: Throwing net      |       |     1 ||     1
  Use: Potion            |     1 |     4 ||     5
 Stab: Sleeping          |     2 |       ||     2
Armor: Leather armour    |    20 |    36 ||    56
       Skin              |       |     6 ||     6
Dodge: Dodged            |    77 |    89 ||   166
       Rpst.: Long sword |    19 |    23 ||    42

Table legend: (Time is in decaauts)
 A = Elapsed time spent in this place.
 B = Non-inter-level travel time spent in this place.
 C = Inter-level travel time spent in this place.
 D = Time resting spent in this place.
 E = Time spent auto-exploring this place.
 F = Levels seen in this place.
 G = Mean time per level.
                   A        B        C        D        E       F      G
               +--------+--------+--------+--------+--------+-----+--------+
         Total |   3535 |   3453 |     82 |   1073 |   1676 |   6 |  589.2 |
       Dungeon |   3388 |   3306 |     82 |   1026 |   1663 |   5 |  677.6 |
         Sewer |    147 |    147 |      0 |     47 |     13 |   1 |  147.0 |
               +--------+--------+--------+--------+--------+-----+--------+

Top non-repeatable levels by time:
     D:3: 1238 daAuts
     D:2: 931 daAuts
     D:1: 883 daAuts
     D:4: 300 daAuts
   Sewer: 147 daAuts
     D:5: 34 daAuts
